 Dungeon Crawl Stone Soup version 0.29-a0-824-gd827844252 (webtiles) character file.

Game seed: 1936339354722073737

12223 HoaS the Marksgargoyle (level 11, -8/99 HPs)
             Began as a Gargoyle Hunter on July 9, 2022.
             Was an Elder of Makhleb.
             Mangled by an elephant (13 damage)
             ... on level 2 of the Lair of Beasts.
             The game lasted 00:22:07 (10742 turns).

HoaS the Marksgargoyle (Gargoyle Hunter)           Turns: 10742, Time: 00:22:07

Health: -8/99      AC: 25    Str: 16    XL:     11   Next: 90%
Magic:  11/11      EV:  2    Int:  9    God:    Makhleb [****..]
Gold:   412        SH:  0    Dex: 17    Spells: 10/10 levels left

rFire   . . .      SeeInvis .   (no weapon)
rCold   . . .      Faith    .   (no shield)
rNeg    + . .      Spirit   .   (body armour currently unavailable)
rPois   ∞          Reflect  .   (helmet currently unavailable)
rElec   .          Harm     .   (cloak currently unavailable)
rCorr   .          Rampage  .   (gloves currently unavailable)
Will    .....      NoTele   +   (boots currently unavailable)
Stlth   ++........              (no amulet)
HPRegen 0.26/turn               j - +4 ring of slaying
MPRegen 0.12/turn               o - +4 ring of evasion

@: tree-form (expiring)
A: stationary, stasis, torment immunity, boosted hp, sickness immunity, AC +8,
negative energy resistance 1, (electricity resistance), torment resistance 1,
petrification resistance
a: Renounce Religion, Minor Destruction, Lesser Servant of Makhleb, Major
Destruction


You were on level 2 of the Lair of Beasts.
You worshipped Makhleb.
Makhleb was greatly pleased with you.
You were a tree.
You visited 2 branches of the dungeon, and saw 11 of its levels.
You also visited: Bailey.

You collected 859 gold pieces.
You spent 447 gold pieces at shops.

Inventory:

Hand Weapons
 a - a +2 vorpal shortbow
Missiles
 f - 2 throwing nets
Armour
 c - a +0 pair of boots (melded)
 d - a +0 cloak (melded)
 w - the +3 ring mail "Quguiw" (melded) {Dex+4}
   (You bought it in a shop on level 8 of the Dungeon)

   Dex:       It affects your dexterity (+4).
Jewellery
 j - a +4 ring of slaying (left branch)
 o - a +4 ring of evasion (right branch)
Wands
 l - a wand of polymorph (20)
 q - a wand of flame (16)
Scrolls
 b - 2 scrolls of immolation
 i - 2 scrolls of identify
 r - 4 scrolls of poison
 s - a scroll of fog
 t - 6 scrolls of teleportation
 x - 4 scrolls of blinking
 y - a scroll of magic mapping
Potions
 g - 4 potions of attraction
 h - 3 potions of ambrosia
 k - a potion of resistance
 m - a potion of cancellation
 n - a potion of flight
 p - 2 potions of mutation
 u - 3 potions of curing
 v - 5 potions of invisibility


   Skills:
 + Level 6.4 Fighting
 - Level 16.0 Ranged Weapons
 - Level 3.0 Armour
 * Level 6.7 Dodging
 - Level 1.1 Stealth


You had 10 spell levels left.
You didn't know any spells.
Your spell library contained the following spells:

 Spells                   Type           Power      Damage    Failure   Level
 Magic Dart               Conj           0%         1d3       38%         1
 Call Imp                 Summ           0%         N/A       52%         2
 Frozen Ramparts          Ice            0%         1d2       77%         3
 Mephitic Cloud           Conj/Pois/Air  0%         N/A       77%         3
 Ice Form                 Ice/Tmut       0%         N/A       99%         4
 Summon Ice Beast         Ice/Summ       0%         N/A       99%         4


Dungeon Overview and Level Annotations

Branches:
Dungeon (9/15)             Temple (0/1) D:7            Lair (2/6) D:8
 Bailey (visited)
  Swamp: Lair:2-4    Shoals: Lair:2-4     Snake: Lair:2-4    Spider: Lair:2-4
    Orc: D:9-12

Altars:
Dithmenos
Makhleb
Uskayaw
Wu Jian

Shops:
D:8 [

Annotations:
D:5 2 transporters, eyesofgods1's ghost, amateur DECj


Innate Abilities, Weirdness & Mutations

You are a tree.
Your roots penetrate the ground, keeping you stationary.
You cannot be teleported.
You are immune to unholy pain and torment.
Your maximum health is greatly increased.
Your equipment is partially melded.
You are immune to sickness and miasma.
((Your stone body is resilient. (AC +8)))
You are immune to poison.
You resist negative energy. (rN+)
((You are resistant to electric shocks. (rElec)))
You are resistant to unholy torment.
You are immune to petrification.


Message History

The elephant trunk-slaps you but does no damage.
The elephant tramples you.
* * * LOW HITPOINT WARNING * * *
The elephant trunk-slaps you but does no damage.
You hit the elephant but do no damage.
The elephant is lightly wounded.
The elephant tramples you.
* * * LOW HITPOINT WARNING * * *
The elephant trunk-slaps you but does no damage.
The elephant tramples you but does no damage.
The elephant trunk-slaps you but does no damage.
The elephant tramples you but does no damage.
The elephant trunk-slaps you.
* * * LOW HITPOINT WARNING * * *
You smack the elephant!
The elephant is severely wounded.
Your transformation is almost over.
The elephant tramples you but does no damage.
The elephant trunk-slaps you but does no damage.
The elephant tramples you but does no damage.
The elephant trunk-slaps you but does no damage.
The elephant tramples you but does no damage.
The elephant trunk-slaps you but does no damage.
You hit the elephant.
The elephant is severely wounded.
The elephant tramples you.
* * * LOW HITPOINT WARNING * * *
The elephant trunk-slaps you but does no damage.
The elephant tramples you!
* * * LOW HITPOINT WARNING * * *
The elephant trunk-slaps you but does no damage.
The elephant tramples you.
* * * LOW HITPOINT WARNING * * *
The elephant trunk-slaps you but does no damage.
You hit the elephant.
The elephant is almost dead.
The elephant tramples you but does no damage.
The elephant trunk-slaps you but does no damage.
The elephant completely misses you. x2; The elephant tramples you!
You die...

Y. .... #..#.... ### #.#.... ..#
####....# ####
..#######.##.P...####.#.##
...<......................
................Y.........
..............YYYY...........
^.P.#P.##.#.##.#♣#............
..###### # ######............
..### ### #.# ##............
..P.###.#####.###.............
..............................
..............................
...............................
#..###.....####.#.##...........)
#### ##...## ######............


You could see 5 elephants.

Vanquished Creatures
  A hydra (Lair:1)
  Pikel (D:4)
  An elephant (Lair:2)
  3 cane toads (Lair:1)
  2 komodo dragons
  A troll (D:9)
  A polar bear (Lair:1)
  A hornet (D:7)
  Grinder (D:5)
  Prince Ribbit (D:7)
  Sigmund (D:5)
  14 yaks
  2 wyverns
  Eustachio (D:4)
  3 steam dragons
  The ghost of eyesofgods1 the Conjurer, an amateur DsCj (D:3)
  Menkaure (D:5)
  6 water moccasins
  Edmund (D:4)
  10 black bears (Lair:1)
  4 ice beasts
  4 orc warriors
  A sky beast (D:7)
  2 ogres
  3 centaurs
  A lemure (D:4)
  A phantom (D:5)
  A kobold brigand (D:8)
  A necrophage (D:6)
  4 bullfrogs
  A scorpion (D:5)
  3 wights (D:8)
  4 killer bees
  3 howler monkeys
  4 jellies
  8 hounds
  Crazy Yiuf (D:2)
  7 orc priests
  3 gnoll boudas
  6 iguanas
  4 orc wizards
  7 adders
  18 gnolls
  2 white imps (D:6)
  An ufetubus (D:6)
  2 worms (D:3)
  3 dart slugs
  37 orcs
  7 endoplasms
  2 giant cockroaches
  19 goblins
  13 hobgoblins
  3 jackals (D:3)
  4 quokkas
  4 ball pythons
  4 bats
  3 frilled lizards
  19 kobolds
  2 rats
269 creatures vanquished.

Vanquished Creatures (others)
  2 fungi
  9 plants
11 creatures vanquished.

Grand Total: 280 creatures vanquished

Notes
Turn   | Place    | Note
-------+----------+-------------------------------------------
     0 | D:1      | HoaS the Gargoyle Hunter began the quest for the Orb.
     0 | D:1      | Reached XP level 1. HP: 12/12 MP: 1/1
    67 | D:1      | Reached XP level 2. HP: 17/17 MP: 2/2
   171 | D:1      | Found a faded altar of an unknown god.
   566 | D:1      | Reached XP level 3. HP: 21/21 MP: 3/3
   829 | D:2      | Reached skill level 5 in Ranged Weapons
  1222 | D:2      | Found a runed translucent door.
  1223 | D:2      | Noticed Crazy Yiuf
  1835 | D:3      | Reached XP level 4. HP: 26/26 MP: 4/4
  1912 | D:3      | Found a runed translucent gate.
  1912 | D:3      | Noticed eyesofgods1's ghost (amateur DsCj)
  1913 | D:3      | Found a runed translucent gate.
  1914 | D:3      | Found a runed translucent gate.
  2401 | D:2      | Killed Crazy Yiuf
  2778 | D:4      | Noticed a lemure
  2780 | D:4      | Noticed a lemure
  2781 | D:4      | Noticed Pikel
  2782 | D:4      | Noticed a lemure
  2783 | D:4      | Noticed a lemure
  2785 | D:4      | Reached skill level 6 in Ranged Weapons
  3000 | D:4      | Killed a lemure
  3103 | D:4      | Killed Pikel
  3104 | D:4      | Reached skill level 8 in Ranged Weapons
  3104 | D:4      | Reached XP level 5. HP: 16/30 MP: 5/5
  3104 | D:4      | Reached XP level 6. HP: 18/35 MP: 6/6
  3104 | D:4      | Reached XP level 7. HP: 21/40 MP: 7/7
  3294 | D:4      | Identified the +0 leather armour of the Weaver {rPois Dex+2
                  | Stlth-}
  3335 | D:4      | Noticed Eustachio
  3347 | D:4      | Killed Eustachio
  3348 | D:4      | Reached skill level 9 in Ranged Weapons
  3435 | D:4      | Noticed Edmund
  3450 | D:4      | Killed Edmund
  3492 | D:4      | Reached XP level 8. HP: 35/44 MP: 8/8
  3644 | D:4      | Found a burning altar of Makhleb.
  4126 | D:3      | Reached skill level 10 in Ranged Weapons
  4129 | D:3      | Killed eyesofgods1's ghost
  4379 | D:4      | Became a worshipper of Makhleb the Destroyer
  4427 | D:5      | Entered Level 5 of the Dungeon
  4430 | D:5      | Noticed Menkaure
  4434 | D:5      | Killed Menkaure
  4534 | D:5      | Noticed eyesofgods1's ghost (amateur DECj)
  4547 | D:5      | Identified the ring of the Enemy {rCorr MP+9 Int+4 SInv
                  | Stlth-}
  4565 | D:5      | Found a transporter.
  4565 | D:5      | Found a transporter.
  4573 | D:5      | Noticed Grinder
  4591 | D:5      | Reached skill level 11 in Ranged Weapons
  4880 | D:5      | Identified the +0 kite shield of Tuacaj {Will- Str+3 Int+2}
  4882 | D:5      | Noticed Sigmund
  4891 | D:5      | Killed Sigmund
  4899 | D:5      | Paralysed by Grinder for 2 turns
  4909 | D:5      | Killed Grinder
  4910 | D:5      | Reached skill level 12 in Ranged Weapons
  4910 | D:5      | Reached XP level 9. HP: 25/48 MP: 9/9
  5065 | D:5      | Identified the ring "Hulupt" {rPois rN++ Str-2}
  5179 | D:5      | Reached * piety under Makhleb
  5656 | D:5      | Reached skill level 13 in Ranged Weapons
  5662 | D:5      | Found a shadowy altar of Dithmenos.
  5931 | D:5      | Reached ** piety under Makhleb
  6563 | D:6      | Reached skill level 14 in Ranged Weapons
  6695 | D:6      | Reached XP level 10. HP: 53/53 MP: 10/10
  6898 | D:6      | Found a hide-covered altar of Uskayaw.
  7066 | D:6      | Found an ornate altar of the Wu Jian Council.
  7197 | D:7      | Noticed Prince Ribbit
  7211 | D:7      | Killed Prince Ribbit
  7248 | D:7      | Found a flagged portal.
  7259 | Bailey   | Entered a bailey
  7265 | Bailey   | Noticed an orc warlord
  7519 | Bailey   | Found a runed translucent gate.
  7522 | Bailey   | Found a runed translucent gate.
  7524 | Bailey   | Found a runed translucent gate.
  7692 | D:7      | Reached *** piety under Makhleb
  7718 | D:7      | Reached skill level 15 in Ranged Weapons
  8079 | D:7      | Found a staircase to the Ecumenical Temple.
  8451 | D:8      | Reached skill level 16 in Ranged Weapons
  8620 | D:8      | Found Zichorifu's Armour Shop.
  8627 | D:8      | Bought the +3 ring mail "Quguiw" {Dex+4} for 447 gold
                  | pieces
  8864 | D:8      | Reached **** piety under Makhleb
  8951 | D:8      | Found a staircase to the Lair.
  9143 | D:9      | Reached XP level 11. HP: 60/60 MP: 11/11
  9148 | D:9      | Reached skill level 1 in Armour
  9619 | Lair:1   | Entered Level 1 of the Lair of Beasts
  9955 | Lair:1   | Reached skill level 5 in Dodging
 10014 | Lair:1   | Reached skill level 5 in Fighting
 10134 | Lair:1   | Noticed an eight-headed hydra
 10142 | Lair:1   | Killed an eight-headed hydra
 10198 | Lair:1   | Identified the +0 leather armour of Submission {rF+ rC+
                  | Str+2}
 10742 | Lair:2   | Mangled by an elephant

Illustrated notes

Levels and vault maps discovered:
D:1:      scummos_arrival_simple_fountains, layout_basic,
          chequers_ecumenical_altar_lobes
D:2:      layout_loops_ring, uniq_crazy_yiuf_cottage
D:3:      layout_loops_corners, biasface_ghost_orc_armoury
D:4:      layout_loops_ring, bloody_makhleb, uniq_eustachio, uniq_edmund,
          uniq_pikel
D:5:      corexii_shantytown, layout_basic, nicolae_dithmenos_shadow_blocks,
          gammafunk_ghost_gnarly_gnolls, st_stairs_5, uniq_grinder,
          uniq_menkaure, uniq_sigmund
D:6:      minmay_octagon_keep, layout_loops_corners,
          nicolae_wu_jian_glorious_leap, marbit_many_paths
D:7:      layout_rooms, minmay_temple_entry_mist, enter_bailey_3,
          kennysheep_generic_room_16, uniq_prince_ribbit1
D:8:      layout_loops_ring, dpeg_oklobed_lair, serial_shops, shop_coins
D:9:      layout_basic
Lair:1:   layout_gridlike, beast_lair_carwin_7, serial_bayou_shore_b,
          infiniplex_staircase_pool_2
Lair:2:   layout_long_grid, lightli_volcano_entry_magma_tube,
          gauntlet_entry_generic

Skill      XL: |  1  2  3  4  5  6  7  8  9 10 11 |
---------------+----------------------------------+-----
Ranged Weapons | 5 8 9 12 14 16 | 16.0
Dodging        | 3 6 |  6.7
Fighting       | 3 6 |  6.4
Armour         | 3 |  3.0
Stealth        | |  1.1

Action                   |  1- 3 |  4- 6 |  7- 9 | 10-12 || total
-------------------------+-------+-------+-------+-------++-------
Melee: Unarmed           |       |     1 |       |    10 ||    11
       Shortbow          |       |       |       |     1 ||     1
 Fire: Shortbow          |    72 |    42 |   358 |   385 ||   857
  Use: Scroll            |    10 |     3 |     9 |     5 ||    27
       Potion            |       |     1 |     3 |     4 ||     8
Armor: Leather armour    |     3 |     2 |    45 |    21 ||    71
       Ring mail         |       |       |       |    25 ||    25
       Skin              |       |       |       |    46 ||    46
Dodge: Dodged            |     7 |     3 |    99 |   105 ||   214

Table legend: (Time is in decaauts)
 A = Elapsed time spent in this place.
 B = Non-inter-level travel time spent in this place.
 C = Inter-level travel time spent in this place.
 D = Time resting spent in this place.
 E = Time spent auto-exploring this place.
 F = Levels seen in this place.
 G = Mean time per level.
                   A        B        C        D        E       F      G
               +--------+--------+--------+--------+--------+-----+--------+
         Total |  10659 |   9886 |    773 |   2145 |   6251 |  12 |  888.2 |
       Dungeon |   9419 |   8671 |    748 |   1986 |   5415 |   9 | 1046.6 |
          Lair |    840 |    816 |     24 |      0 |    685 |   2 |  420.0 |
        Bailey |    399 |    399 |      0 |    159 |    150 |   1 |  399.0 |
               +--------+--------+--------+--------+--------+-----+--------+

Top non-repeatable levels by time:
     D:3: 1783 daAuts
     D:5: 1606 daAuts
     D:6: 1251 daAuts
     D:4: 1081 daAuts
     D:8: 962 daAuts
     D:2: 861 daAuts
  Lair:1: 746 daAuts
     D:1: 728 daAuts
     D:7: 621 daAuts
     D:9: 522 daAuts
  Bailey: 399 daAuts
  Lair:2: 93 daAuts
